[Event "Turkish Youth Championships 2023"]
[Site "Samsun"]
[Date "2023.05.20"]
[Round "3.5"]
[White "Kucuk, Aybike"]
[Black "Biyiksiz, Ali Batuhan"]
[Result "1/2-1/2"]
[WhiteElo "1603"]
[BlackElo "2107"]
[Annotator "TA"]
[PlyCount "86"]
[EventDate "2023.05.19"]
[EventType "swiss"]
[EventCountry "TUR"]
[TimeControl "5400+30"]

1. d4 Nf6 2. c4 c5 3. d5 e6 4. Nc3 exd5 5. cxd5 d6 6. Nf3 g6 7. e4 a6 8. a4 Bg4 9. Be2 Nbd7 10. Be3 Bg7 11. O-O O-O 12. h3 Bxf3 13. Bxf3 Re8 14. Qc2 {[%emt 0:04:30] A75: Modern Benoni: Classical: 9...a6 10 a4 Bg4.} Rb8 15. a5 Qe7 {[%emt 0:04:30] [#]} 16. Rfe1 $146 {[%emt 0:04:30] White is slightly better.} ({Predecessor:} 16. Ra2 Qe5 17. g4 h5 18. Kg2 Nf8 19. g5 N6h7 20. Be2 Qe7 21. f4 Bxc3 22. Qxc3 Qxe4+ {0-1 Hesselbarth,K (1952)-Pueschel,W (2183) Berlin Unicorn op 2005 (2)}) 16... b5 17. axb6 Rxb6 18. Ra2 Reb8 19. Rea1 Ne8 20. Be2 Nc7 21. Bc1 (21. Bxa6 $2 Nxa6 22. Rxa6 Rxb2 $19) 21... Nb5 22. Nxb5 axb5 23. Ra7 Qe8 24. Rc7 R8b7 25. Rxb7 Rxb7 26. Ra6 Rb6 27. Rxb6 Nxb6 28. Bf4 Qd7 29. b3 Bf8 {[%emt 0:16:04] Black is weak on the light squares} 30. Qa2 {[%emt 0:01:32] Hoping for Qa6.} Qe8 31. f3 b4 $1 32. Bf1 Qd8 33. Qa5 Qf6 34. Bg3 $36 {[%emt 0:00:39][%mdl 2048] Black is under pressure.} Nd7 35. Qc7 Qe7 {[%emt 0:00:47] [#]} (35... Ne5 $11 {remains equal.}) 36. Bb5 $1 $16 {[%emt 0:00:43] White is much more active.} Nf6 {[%emt 0:00:18] [#]} 37. Qxe7 Bxe7 {[%emt 0:00:30][%mdl 4096] Endgame KBB-KBN} 38. Kf1 (38. Bh2 $16) 38... Nh5 $14 39. Bh2 f6 (39... g5 $1 $14) 40. g4 $16 {[%emt 0:01:54] White is clearly better.} Ng7 41. Ke2 g5 42. Kd3 Kf7 43. Kc4 Ne8 {[%emt 0:00:59] Weighted Error Value: White=0.09 (flawless) /Black=0.16 (very precise)} 1/2-1/2

[Event "Turkish Youth Championships 2023"]
[Site "Samsun"]
[Date "2023.05.20"]
[Round "3.6"]
[White "Kavri, Yusuf Eren"]
[Black "Gokturk, Murat Kutay"]
[Result "1-0"]
[WhiteElo "2029"]
[BlackElo "1591"]
[Annotator "TA"]
[PlyCount "41"]
[EventDate "2023.05.19"]
[EventType "swiss"]
[EventCountry "TUR"]
[TimeControl "5400+30"]

1. c4 c6 2. Nf3 Nf6 3. Nc3 d5 4. e3 g6 5. d4 Bg7 6. b3 O-O 7. Bd3 Re8 8. O-O Nbd7 9. Bb2 Nf8 {D94: Grünfeld: 4 Nf3 Bg7 5 e3.} 10. Qc2 a6 {[%emt 0:25:30] [#]} 11. Rfe1 $146 ({Predecessor:} 11. e4 e6 12. Rfe1 b5 13. Ne5 Bb7 14. exd5 exd5 15. Nf3 Rc8 16. Rxe8 Nxe8 17. Ne2 {½-½ Galvanek,L (1957)-Masarik,R (1829) SVK-chT2C 1516 2015 (6.7)}) 11... Ne6 {[%emt 0:13:30] White is slightly better.} 12. Rad1 Qc7 13. Ne5 Rd8 14. f4 {[%emt 0:06:30] White is more active.} Bh6 15. Qf2 b6 (15... Nf8 $16 16. Qf3 dxc4 17. bxc4 (17. Bxc4 Be6 $16) 17... c5) 16. Ba3 (16. f5 $18) 16... Bb7 $2 {[%emt 0:01:24][%mdl 8192] [#]} (16... dxc4 $16 {is a better chance.} 17. bxc4 (17. Bxc4 b5 $16) (17. Nxc4 c5 $14) 17... Bg7) 17. cxd5 $18 {[%emt 0:00:30] White is clearly winning.} Nxd5 18. Nxd5 cxd5 (18... Rxd5 $142 19. f5 Nd8) 19. Rc1 Qb8 20. Bxe7 Re8 21. Nd7 {[%emt 0:00:30][%csl LRb6,LRb8] Black got outplayed after the opening.   Weighted Error Value: White=0.55/Black=0.83} 1-0

[Event "Turkish Youth Championships 2023"]
[Site "Samsun"]
[Date "2023.05.20"]
[Round "3.7"]
[White "Zengin, Ovgu"]
[Black "Temizer, Umut"]
[Result "0-1"]
[WhiteElo "1528"]
[BlackElo "1973"]
[Annotator "TA"]
[PlyCount "84"]
[EventDate "2023.05.19"]
[EventType "swiss"]
[EventCountry "TUR"]
[TimeControl "5400+30"]

1. e4 c5 2. Nf3 d6 3. Bb5+ Nd7 4. c3 Ngf6 5. Qe2 a6 6. Ba4 b5 7. Bc2 Bb7 {B51: Sicilian: Moscow Variation (3 Bb5+) without 3...Bd7.} 8. O-O Qc7 9. d4 e6 {The position is equal.} 10. Bf4 {[#]} Rc8 $146 ({Predecessor:} 10... Be7 11. a4 O-O 12. Na3 bxa4 13. Nc4 Rac8 14. Bxd6 Bxd6 15. e5 Be7 16. exf6 Bxf6 {1-0 Nagy,I (2144)-Szekacs,M (1775) HUN-chT2 Asztalos 1011 2010 (9.9)}) 11. d5 e5 (11... exd5 $11 12. exd5+ Be7) 12. Bg3 g6 13. Nfd2 (13. a4 $5 ) 13... Bg7 14. c4 (14. a4 $14) 14... b4 $11 15. Re1 O-O 16. Nf1 Nh5 17. Nbd2 a5 18. Ne3 Nb6 19. b3 Ra8 20. Nf5 Nxg3 $17 21. Nxg3 Bc8 22. h4 Qe7 23. h5 Ra7 24. Ndf1 {[%emt 0:11:30] [#] Black keeps a firm grip on the game.} (24. a3 $15) 24... Bd7 ({Black should try} 24... f5 $1 $17 25. hxg6 hxg6 26. exf5 gxf5) 25. Ne3 {[%emt 0:01:30] [#]} (25. a3 $15) 25... a4 $1 26. f3 (26. Rab1 $17) 26... Rfa8 27. Rac1 axb3 28. axb3 Ra2 {[%emt 0:00:30] Black is more active.} 29. Kf2 {[%emt 0:01:30] White is weak on the dark squares} (29. hxg6 $17 hxg6 30. Qf2) 29... Bh6 $19 30. Rh1 Qg5 {[%emt 0:01:30] ...Qxe3+ is the strong threat.} ({Weaker is} 30... Bf4 31. Ngf1 $17) 31. hxg6 hxg6 {[%emt 0:00:30] White must now prevent ...Qxe3+.} ({And not} 31... fxg6 32. Ngf1) 32. Rh2 $2 (32. Ngf1) 32... R8a3 33. Ngf1 Rb2 (33... Na4 $142 {And now ...Nc3 would win.} 34. bxa4 Bxa4) 34. Nd2 $2 (34. g3 {keeps fighting.}) 34... Raa2 {[%emt 0:01:30] Black is clearly winning.} 35. Rch1 (35. g4 $142) 35... Qxe3+ {[%emt 0:01:30][%mdl 64] Remove Defender} 36. Qxe3 Bxe3+ 37. Kxe3 Rxc2 38. g4 Kf8 {[%emt 0:01:30] ...Rc3+ would be deadly.} 39. g5 Ke7 {[%emt 0:00:00] ( -> ...Rc3+)} 40. Rd1 Rc3+ 41. Kf2 Rxb3 42. Kg3 Rbb2 {[%emt 0:00:00] Weighted Error Value: White=1.17/Black=0.52} 0-1

[Event "Turkish Youth Championships 2023"]
[Site "Samsun"]
[Date "2023.05.20"]
[Round "3.8"]
[White "Demirbas, Emre"]
[Black "Koyuncu, Omer Arda"]
[Result "0-1"]
[WhiteElo "2013"]
[BlackElo "1694"]
[Annotator "TA"]
[PlyCount "64"]
[EventDate "2023.05.19"]
[EventType "swiss"]
[EventCountry "TUR"]
[TimeControl "5400+30"]

1. Nf3 d5 2. c4 d4 3. b4 f6 4. e3 e5 5. a3 c5 6. bxc5 {A09: Réti Opening: 1 Nf3 d5 2 c4.} (6. Nxe5 $2 fxe5 7. Qh5+ Ke7 8. Qxe5+ (8. bxc5 $2 Nc6 $19) 8... Kf7 9. Qh5+ g6 10. Qd5+ Qxd5 11. cxd5 Nf6 $19) (6. d3 $11) 6... Nc6 7. exd4 {[#]} e4 $146 {[#]} (7... Nxd4 $15 {stays ahead.} 8. Bb2 Bxc5) ({Predecessor:} 7... Nxd4 8. Nxd4 Qxd4 9. Ra2 Bxc5 10. d3 Ne7 11. Be3 Qd6 12. Bxc5 Qxc5 13. Be2 O-O {0-1 Sanner,M-Noradounguian,G FRA-ch38 Paris 1963 (7)}) 8. Nh4 $2 (8. d5 $1 $16 {[%cal Rd5c6] is forced if you want to stay better.} exf3 9. d4) 8... Qxd4 $19 9. Nc3 e3 {[%emt 0:06:30] Black is more active.} (9... Qxc5 10. Bb2 $14) (9... Bxc5 $17 10. Qe2 f5) 10. fxe3 (10. dxe3 $2 Qxc3+ 11. Bd2 Qe5 $19) (10. Qh5+ $2 g6 11. Qe2 Qxh4 $19) 10... Qxh4+ 11. g3 Qg5 12. d4 Bg4 ({Black should play} 12... h5 $11) 13. Qa4 $2 {[%emt 0:02:30] [#]} (13. Qb3 $1 $14) 13... Bf3 $1 $17 14. Rg1 Kf7 (14... Bxc5 $19 {Strongly threatening ...Bb6.} 15. Rb1 (15. dxc5 Qh5 $17) 15... Nge7) 15. Bg2 Bxg2 16. Rxg2 Nh6 17. Rb1 Rb8 18. Rgb2 Be7 (18... Rc8 $11 {keeps the balance.}) 19. Rxb7 $16 Rxb7 20. Rxb7 Nxd4 21. Ne4 ({White should try} 21. Rxe7+ $16 Kxe7 22. Qxa7+ Kf8 23. Qb8+ (23. exd4 $2 Qxc1+ 24. Nd1 g6 $19) 23... Kf7 24. Qxh8 Nf3+ 25. Kd1 Qxc5 26. Qd8) 21... Qe5 22. Nd6+ Kg6 23. Qd1 $2 (23. Qd7 $11 {and White has nothing to worry.} Bf8 24. Nf7 (24. Rxa7 $2 {is the wrong capture.} Nb3 $19) 24... Nxf7 25. Qxf7+ Kg5 26. c6 Qa5+ 27. Kd1 Qa4+ 28. Ke1 Nf3+ 29. Kf2 Qc2+ 30. Kxf3 Qd1+ 31. Kg2 Qe2+ 32. Kg1 Qd1+ 33. Kf2 Qc2+ 34. Kf3 Qd1+ 35. Kg2 Qe2+ 36. Kg1 Qd1+ 37. Kf2 Qc2+ 38. Kf3) 23... Bxd6 ({Worse is} 23... Qxc5 24. exd4 Qxd6 25. c5 Qe6+ 26. Qe2 Qxe2+ 27. Kxe2 $17) 24. cxd6 (24. Qxd4 Bxc5 25. Qxe5 fxe5 26. Rc7) 24... Qe4 $19 {[%emt 0:00:22] Threatens to win with ...Nf3+.} 25. Re7 Nf3+ {[%emt 0:01:11][%mdl 64] Discovered Attack, Double Attack} 26. Ke2 Qxc4+ ({Don't go for} 26... Ne5 $2 27. Qd5 Qg4+ 28. Ke1 $19) 27. Kf2 Ne5 28. Kg1 Qe4 {[%emt 0:00:58] Hoping for ...Nf5.} 29. a4 Nf5 30. Rxa7 Nxe3 31. Qe2 {[%emt 0:00:30] Wards off Qg2+} Nf3+ 32. Kh1 Nd4+ {[%emt 0:00:00] Artfully played by Koyuncu.   Weighted Error Value: White=1.41/Black=0.41} 0-1

[Event "Turkish Youth Championships 2023"]
[Site "Samsun"]
[Date "2023.05.21"]
[Round "3.8"]
[White "Kaynak, Deniz Can"]
[Black "Engin, Onur Cinar"]
[Result "0-1"]
[ECO "A11"]
[WhiteElo "1651"]
[BlackElo "1922"]
[Annotator "TA"]
[PlyCount "119"]
[EventDate "2023.05.19"]
[EventType "swiss"]
[EventCountry "TUR"]
[SourceTitle "playchess.com"]
[Source "ChessBase"]
[SourceQuality "1"]
[TimeControl "5400+30"]

1. c4 c6 2. g3 d5 3. Nf3 Nf6 4. Bg2 g6 5. b3 Bg7 6. Bb2 Qb6 7. Qc2 O-O 8. O-O Bg4 {[%emt 0:00:30] A11: English Opening: 1...c6.} 9. d3 Nbd7 10. Nbd2 Rfe8 {[%emt 0:00:00] White has an edge.} 11. h3 Bxf3 12. Nxf3 e5 13. e3 Rad8 {[%emt 0:11:30] [#]} 14. Rac1 $146 ({Predecessor:} 14. Rad1 h6 15. d4 e4 16. Nd2 Rc8 17. Nb1 h5 18. h4 {½-½ Benci,J (1520)-Rosol,P (1885) Bratislava Slovakia op rapid 2022 (5)}) 14... Qa5 15. Nd2 Bh6 (15... Qxa2 $2 16. Ra1 $18) 16. a3 d4 17. b4 $16 Qc7 18. exd4 exd4 19. Bxd4 Re2 20. f4 $2 (20. Bc3 $1 $16 {is forced if you want to stay better.}) 20... Nh5 $36 {[%emt 0:00:30][%mdl 2048] Black has strong initiative.} 21. Bf2 {[%emt 0:00:30] [#]} Nxf4 $1 22. gxf4 Qxf4 23. Bxa7 Qg3 (23... Qxd2 $17 24. Qxd2 Bxd2) 24. Rf2 $11 Be3 {[%emt 0:00:07] Dancing on a razor blade.} 25. Bxe3 Qxe3 26. Rcf1 Ne5 $1 27. Qd1 (27. c5 $11) 27... Rxf2 $17 {[%emt 0:00:16] Black has more active pieces.} 28. Rxf2 Nxd3 {[%emt 0:01:23][%mdl 64] Pin} 29. Ne4 f5 ({Better is} 29... Qd4 $17 30. Qe2 (30. Nf6+ $2 Kg7 $19) 30... Nxf2 31. Nxf2 Ra8) 30. Qd2 $11 Qd4 {[%emt 0:01:36][%mdl 64] Pin} 31. Nc5 Nxf2 32. Qxd4 Nxh3+ 33. Bxh3 Rxd4 34. Nxb7 Rxc4 {[%emt 0:00:00] Strongly threatening ...Rc3.} 35. Bg2 (35. Bf1 $1 $15 Rc1 36. Nc5) 35... Rc1+ (35... Rc3 $142 36. a4 Rc4) 36. Kh2 Ra1 (36... Rc3 $17 37. a4 Rc4) 37. Bxc6 Ra2+ 38. Kg1 Rxa3 39. b5 Kf8 {[%emt 0:03:24] ...Ke7 would be deadly.} 40. Nc5 Rc3 41. Nd7+ Ke7 {[%emt 0:00:23] ...g5 is the strong threat.} 42. b6 $1 {[%emt 0:00:45] aiming for b7.} Rxc6 {[%emt 0:00:36][%mdl 4096] Endgame KR-KN} (42... Rb3 {simplifies} 43. b7 Rxb7 44. Bxb7 Kxd7 45. Kg2 Ke6) 43. b7 Rc1+ (43... Kxd7 $2 44. b8=Q $18 (44. b8=B $2 {is the wrong capture.} g5 $19)) 44. Kg2 Rb1 {[%emt 0:00:17] Repels Nb6} (44... Kxd7 $2 45. b8=Q $18 (45. b8=B $2 {perishes.} g5 $19)) 45. b8=Q Rxb8 46. Nxb8 {[%emt 0:00:00] KN-K3P} Kd6 {[%emt 0:01:23] White must now prevent ...g5.} 47. Na6 g5 {[%emt 0:00:32][%cal Bg6g5,Bg5g4,Bg4g3,Bg3g2][%mdl 32] Hoping for ...Ke5.} 48. Nb4 Ke5 $2 (48... Ke6 $11 49. Kf3 h5) 49. Kf3 {[%emt 0:00:48] [#]} g4+ $1 50. Kg3 {[%emt 0:00:21] [#]} Ke4 $1 {[%emt 0:00:20] ( -> ...h5)} 51. Nc2 $2 (51. Na6 $11 h6 52. Nc5+ Ke3 53. Na4) 51... h5 {[%emt 0:00:10][%cal Bh7h5,Bh5h4,Bh4h3][%mdl 32] Black mates.} 52. Ne1 f4+ 53. Kf2 h4 54. Ng2 g3+ 55. Kg1 h3 56. Ne1 f3 57. Nd3 Kxd3 58. Kh1 g2+ 59. Kg1 Ke2 60. Kh2 {[%emt 0:00:00] A cool game by Engin.   Weighted Error Value: White=0.36/Black=0.14 (very precise)} 0-1

[Event "Turkish Youth Championships 2023"]
[Site "Samsun"]
[Date "2023.05.20"]
[Round "3.10"]
[White "Engin, Onur Cinar"]
[Black "Yilmaz, Oguz"]
[Result "1-0"]
[WhiteElo "1922"]
[BlackElo "1520"]
[Annotator "TA"]
[PlyCount "53"]
[EventDate "2023.05.19"]
[EventType "swiss"]
[EventCountry "TUR"]
[TimeControl "5400+30"]

1. e4 e5 2. Nf3 Nc6 3. Bc4 Bc5 4. c3 Nf6 5. d4 exd4 6. e5 d5 7. Bb5 Ne4 8. cxd4 Bb6 9. Nc3 O-O 10. Be3 {C54: Giuoco Piano: 4 c3 Nf6, main lines with 5 d4 and 5 d3.} Bg4 11. h3 Bh5 12. Qc2 {The position is equal.} Bg6 {aiming for ...Nxc3.} 13. Qb3 Nxc3 (13... Ne7 $11) 14. bxc3 {[%emt 0:00:30] [#]} (14. Bxc6 $16 bxc6 15. Qxc3) 14... a6 $146 ({Predecessor:} 14... f6 15. exf6 Na5 16. Qd1 c6 17. Bd3 Qxf6 18. Ne5 Bxd3 19. Qxd3 Bc7 20. f4 Qh4+ {0-1 Kollars,D (2611)-Duda,J (2731) Speed Chess Q2 blitz 2022 (10)}) 15. Bxc6 bxc6 16. O-O Qd7 17. Nh4 Bd3 (17... Be4 $1 $11) 18. Rfd1 $14 Bc4 {[%emt 0:06:30] [#]} 19. Qc2 Rab8 20. f4 Qe7 (20... f6 $14) 21. Nf5 $16 Qd7 22. Bf2 a5 {[%emt 0:03:00] [#]} (22... Rbe8 $16 23. Ne3 f6) 23. Bh4 $1 $18 {[%emt 0:05:30][%cal Of5g7] Strongly threatening Nxg7!} c5 24. Nxg7 {[%emt 0:14:30][%mdl 64] Black must now prevent Bf6. Decoy} Kxg7 (24... cxd4 25. Qf5 d3+ 26. Kh2 Qxf5 27. Nxf5 Bc5) 25. Bf6+ Kg8 {[%emt 0:00:12] [#]} 26. Rd3 $1 {[%emt 0:01:00][%mdl 512] Threatening mate with Rg3+.} Bxd3 (26... Qf5 27. Rg3+) 27. Qxd3 {[%emt 0:00:30] Weighted Error Value: White=0.08 (flawless) /Black=0.50} 1-0

[Event "Turkish Youth Championships 2023"]
[Site "Samsun"]
[Date "2023.05.21"]
[Round "3.10"]
[White "Koyuncu, Omer Arda"]
[Black "Dogan, Umut Anil"]
[Result "1/2-1/2"]
[ECO "B14"]
[WhiteElo "1694"]
[BlackElo "1857"]
[Annotator "NA RC COMBH"]
[PlyCount "73"]
[EventDate "2023.05.19"]
[EventType "swiss"]
[EventCountry "TUR"]
[SourceTitle "playchess.com"]
[Source "ChessBase"]
[SourceQuality "1"]
[TimeControl "5400+30"]

1. e4 c6 2. d4 d5 3. exd5 cxd5 4. c4 Nf6 5. Nc3 g6 6. Qb3 Bg7 7. cxd5 O-O 8. Be2 Nbd7 9. Bf3 Nb6 10. Nge2 Bf5 11. Bf4 Bd3 12. d6 exd6 13. O-O d5 14. Rac1 Re8 15. Rfe1 Rc8 16. a4 Bc4 17. Qd1 Ne4 18. b3 Nxc3 19. Rxc3 Ba6 20. Rxc8 Nxc8 21. Nc3 Ne7 22. Be5 Nc6 23. Bxg7 Rxe1+ 24. Qxe1 Kxg7 25. Nxd5 Bd3 26. Qc3 Bf5 27. b4 a6 28. Ne3 Qf6 29. Bxc6 bxc6 30. Nxf5+ Qxf5 31. h3 Qd5 32. Qc5 Qd7 33. f4 f6 34. a5 Qe6 35. Qc3 Qe4 36. g3 h5 37. h4 1/2-1/2

[Event "Turkish Youth Championships 2023"]
[Site "Samsun"]
[Date "2023.05.21"]
[Round "3.14"]
[White "Biyiksiz, Ali Batuhan"]
[Black "Tonoglu, Engin Erdem"]
[Result "1-0"]
[ECO "D36"]
[WhiteElo "2107"]
[BlackElo "1404"]
[Annotator "TA"]
[PlyCount "73"]
[EventDate "2023.05.19"]
[EventType "swiss"]
[EventCountry "TUR"]
[SourceTitle "playchess.com"]
[Source "ChessBase"]
[SourceQuality "1"]
[TimeControl "5400+30"]

1. d4 d5 2. c4 e6 3. Nc3 Nf6 4. cxd5 exd5 5. Bg5 c6 6. e3 h6 7. Bh4 Be7 8. Bd3 Nbd7 9. Qc2 O-O 10. Nge2 Re8 11. O-O Ne4 12. Bxe7 Qxe7 13. Rae1 Ndf6 14. f3 Nxc3 15. Nxc3 c5 16. e4 {[%emt 0:14:30] White is more active. D36: Queen's Gambit Declined: Exchange Variation: Main line (5 Bg5 c6 6 Qc2).} cxd4 {[%emt 0:03:30] [#]} 17. Nb5 $146 (17. exd5 Qxe1 18. Rxe1 Rxe1+ 19. Kf2 Re5 $11) ({White must play} 17. Nxd5 $16 Nxd5 18. exd5) ({Predecessor:} 17. Nxd5 Nxd5 18. exd5 Qxe1 19. Rxe1 Rxe1+ 20. Kf2 Re8 21. Qc7 a6 22. g4 Kf8 23. Qc5+ Kg8 {1-0 Balogh,P (2275)-Istona,M (2218) SVK-chT2A 2122 2021 (2.1)}) 17... dxe4 $15 18. fxe4 (18. Bxe4 $15 Be6 19. Nxd4) 18... Be6 (18... Qe5 19. Qc7 $15) (18... Ng4 {feels hotter.} 19. Nc7 Qe5 20. g3 Ne3) 19. e5 Nd5 ({Black should try} 19... Ng4 $17 {Threatens to win with ...Ne3.} 20. Qd2 (20. Bh7+ $2 Kh8 $19) 20... Red8) 20. Qe2 (20. Bh7+ $2 Kh8 21. Bd3 Ne3 $19) (20. Qd2 $1 $11 {keeps the balance.}) 20... Ne3 $17 21. Nd6 Nxf1 $19 22. Qe4 {[%emt 0:00:30] [#] Intending Qh7+ and mate.} g6 $1 {[%emt 0:05:30] ...Ne3 is the strong threat.} 23. Rxf1 Red8 24. Qxd4 a6 25. h4 {[%emt 0:04:15][%cal Oh4h5] [#]} b5 ({Don't take} 25... Bxa2 26. h5 b5 27. Kh1 $14 (27. hxg6 Qa7 $17)) (25... h5 $1 $17 26. b3 Rd7) 26. Qf4 $1 $11 Kg7 ({Much weaker is} 26... Bxa2 $6 27. Qg3 $17) 27. Qg3 $36 {[%emt 0:02:23][%cal Of1f7][%mdl 2048] Hoping for Rxf7+! White fights for an advantage.} Qa7+ (27... Bxa2 $2 28. Nf5+ Kf8 29. Nxe7 $18) 28. Kh2 {[%emt 0:00:02] Black must now prevent Rf6. Dancing on a razor blade.} Qd4 $2 {[%emt 0:03:57][%mdl 8192] [#] This move loses the game for Black.} ({But not} 28... Bxa2 29. h5 Rxd6 30. exd6 $18) (28... Rxd6 $11 29. exd6 Qd4) 29. Rxf7+ $3 $18 {[%emt 0:00:54][%mdl 576] Deflection} Bxf7 30. Nf5+ Kh7 31. Nxd4 Rxd4 32. h5 Rg8 (32... Rxd3 $142 33. Qxd3 Re8 34. hxg6+ Bxg6 35. Qd7+ Kg8) 33. Qf2 Rd7 34. Qf6 {[%emt 0:01:19] White wants to mate with e6.} Be8 35. Bc2 Rd2 36. hxg6+ Bxg6 37. Qf7+ {[%emt 0:00:06][%mdl 64] Deflection. Excellently played by Biyiksiz!   Weighted Error Value: White=0.27 (precise) /Black=0.76} 1-0

[Event "Turkish Youth Championships 2023"]
[Site "Samsun"]
[Date "2023.05.20"]
[Round "3.14"]
[White "Hasirci, Ozgur Deniz"]
[Black "Karadas, Hena"]
[Result "1-0"]
[WhiteElo "1763"]
[BlackElo "1573"]
[Annotator "COMBH"]
[PlyCount "67"]
[EventDate "2023.05.19"]
[EventType "swiss"]
[EventCountry "TUR"]
[TimeControl "5400+30"]
[BlackClock "0:11:52"]

1. e4 c5 2. Nf3 Nc6 3. Bb5 g6 4. Bxc6 dxc6 5. d3 Bg7 6. Nc3 e5 7. Be3 b6 8. a4 a5 9. Nd2 Be6 10. b3 Ne7 11. Nc4 f5 12. Bg5 Rb8 13. exf5 gxf5 14. Qh5+ Bf7 15. Qh4 Bxc4 16. bxc4 Qd4 17. Qh5+ Ng6 18. Ra3 O-O 19. O-O Qd7 20. Rb3 Qc7 21. Re1 Rbe8 22. Re3 e4 23. dxe4 Bd4 24. exf5 Bxe3 25. Bxe3 Ne5 26. Bh6 Rf7 27. Ne4 Kh8 28. Ng5 Rd8 29. Nxf7+ Qxf7 30. Qe2 Qxf5 31. h3 Rg8 32. Bc1 Re8 33. Bb2 Kg8 34. Re3 1-0

[Event "Turkish Youth Championships 2023"]
[Site "Samsun"]
[Date "2023.05.20"]
[Round "3.15"]
[White "Tonoglu, Engin Erdem"]
[Black "Ozgun, Yigit Deniz"]
[Result "1/2-1/2"]
[WhiteElo "1404"]
[BlackElo "1747"]
[Annotator "COMBH"]
[PlyCount "159"]
[EventDate "2023.05.19"]
[EventType "swiss"]
[EventCountry "TUR"]
[TimeControl "5400+30"]
[BlackClock "0:37:00"]

1. c4 Nf6 2. Nc3 c5 3. Nf3 Nc6 4. e3 g6 5. d4 cxd4 6. Nxd4 Bg7 7. Be2 O-O 8. O-O d5 9. cxd5 Nxd5 10. Nxc6 bxc6 11. Bd2 Rb8 12. e4 Nxc3 13. Bxc3 Bxc3 14. bxc3 Qa5 15. Bc4 Qxc3 16. Rc1 Qa5 17. Qe2 Rb6 18. Rc2 Ba6 19. Rfc1 Bxc4 20. Qxc4 Rd8 21. g3 Rd6 22. Kg2 Qa6 23. a3 Qa5 24. Qc5 Qxc5 25. Rxc5 Rd3 26. a4 Rd4 27. a5 Ra6 28. Rxc6 Rxa5 29. R6c4 Rxc4 30. Rxc4 Ra2 31. Rc7 Kf8 32. g4 g5 33. Rc5 h6 34. h3 a5 35. Kf3 a4 36. Ra5 Kg7 37. e5 a3 38. Kg2 Ra1 39. Kh2 e6 40. Kg2 Kg6 41. Ra6 Kg7 42. Ra8 Ra2 43. Kf3 Ra1 44. Kg2 Re1 45. Rxa3 Rxe5 46. Kg3 Re1 47. Ra7 Rc1 48. Ra3 Kg6 49. Rb3 Rc4 50. Ra3 h5 51. Rb3 f5 52. gxf5+ Kxf5 53. Rb8 Rc3+ 54. Kg2 Rc5 55. Rh8 h4 56. Rf8+ Ke4 57. Rg8 Rf5 58. Ra8 e5 59. Ra4+ Kd5 60. Ra5+ Ke6 61. Ra6+ Kf7 62. Ra7+ Kg6 63. Ra6+ Rf6 64. Ra4 Kf5 65. Ra8 g4 66. Rh8 gxh3+ 67. Kxh3 Kf4 68. Kxh4 e4 69. Rh7 Rf8 70. Rh6 Kf3 71. Re6 Rf5 72. Re7 Rf4+ 73. Kg5 Rg4+ 74. Kf5 Rg8 75. Ke5 Rg5+ 76. Kd4 Rg4 77. Kd5 Rf4 78. Re8 Rf7 79. Ke5 Kxf2 80. Kxe4 1/2-1/2

[Event "Turkish Youth Championships 2023"]
[Site "Samsun"]
[Date "2023.05.20"]
[Round "3.16"]
[White "Coskun, Emre"]
[Black "Caliskan, Murat Osman"]
[Result "1-0"]
[WhiteElo "1750"]
[BlackElo "1538"]
[Annotator "COMBH"]
[PlyCount "51"]
[EventDate "2023.05.19"]
[EventType "swiss"]
[EventCountry "TUR"]
[TimeControl "5400+30"]
[BlackClock "1:06:00"]

1. e4 c5 2. Nc3 d6 3. g3 Nc6 4. Bg2 g6 5. d3 Bg7 6. f4 Nf6 7. Nf3 Bg4 8. h3 Bxf3 9. Qxf3 Nd4 10. Qf2 Rb8 11. O-O O-O 12. f5 b5 13. g4 b4 14. Nd1 Qc7 15. Ne3 Rbe8 16. g5 Nd7 17. Nd5 Qa5 18. f6 exf6 19. gxf6 Nxf6 20. Nxf6+ Bxf6 21. Qxf6 Re6 22. Qf2 f5 23. Bh6 Rfe8 24. exf5 Re2 25. Bd5+ Kh8 26. f6 1-0

[Event "Turkish Youth Championships 2023"]
[Site "Samsun"]
[Date "2023.05.20"]
[Round "3.17"]
[White "Adali, Umut"]
[Black "Atis, Hasan"]
[Result "0-1"]
[WhiteElo "1441"]
[BlackElo "1890"]
[Annotator "COMBH"]
[PlyCount "73"]
[EventDate "2023.05.19"]
[EventType "swiss"]
[EventCountry "TUR"]
[TimeControl "5400+30"]
[BlackClock "0:29:00"]

1. e4 c5 2. c3 Nf6 3. e5 Nd5 4. d4 cxd4 5. cxd4 d6 6. Nf3 e6 7. Bc4 Be7 8. O-O O-O 9. Nc3 Nxc3 10. bxc3 Qc7 11. Qd3 Nd7 12. Bg5 Nb6 13. Bb3 dxe5 14. Bxe7 Qxe7 15. Nxe5 Bd7 16. c4 Rfd8 17. Rfe1 Be8 18. Rad1 Rac8 19. d5 Qc5 20. Qf3 exd5 21. cxd5 Rd6 22. Nd3 Qa3 23. Qe4 Rdd8 24. Ne5 Qd6 25. Nc4 Nxc4 26. Bxc4 Bd7 27. Bb3 Re8 28. Qd4 a5 29. Qd2 a4 30. Bc2 Red8 31. Be4 b5 32. Re3 g6 33. Rg3 Rc4 34. Bd3 Rd4 35. h3 Qxd5 36. Kh2 Bf5 37. Qg5 0-1

[Event "Turkish Youth Championships 2023"]
[Site "Samsun"]
[Date "2023.05.20"]
[Round "3.18"]
[White "Eroz, Enis"]
[Black "Herdem, Talha"]
[Result "1-0"]
[WhiteElo "1830"]
[BlackElo "1417"]
[Annotator "COMBH"]
[PlyCount "45"]
[EventDate "2023.05.19"]
[EventType "swiss"]
[EventCountry "TUR"]
[TimeControl "5400+30"]
[BlackClock "0:28:00"]

1. e4 c5 2. Nc3 e6 3. g3 Nc6 4. Bg2 g6 5. d3 Bg7 6. Nh3 Nge7 7. O-O O-O 8. Be3 d6 9. Qd2 Re8 10. Bh6 Bh8 11. f4 Rb8 12. g4 f5 13. Kh1 b5 14. Rae1 b4 15. Nd1 Bd7 16. Ng5 Qa5 17. exf5 exf5 18. gxf5 Bxf5 19. Qe2 Qd8 20. Ne3 Nd4 21. Nxf5 gxf5 22. Qh5 Ng6 23. Bd5+ 1-0

[Event "Turkish Youth Championships 2023"]
[Site "Samsun"]
[Date "2023.05.21"]
[Round "3.18"]
[White "Cicek, Bilal Emre"]
[Black "Akyuz, Pars"]
[Result "1-0"]
[ECO "D45"]
[WhiteElo "1600"]
[BlackElo "1219"]
[Annotator "NA RC COMBH"]
[PlyCount "47"]
[EventDate "2023.05.19"]
[EventType "swiss"]
[EventCountry "TUR"]
[SourceTitle "playchess.com"]
[Source "ChessBase"]
[SourceQuality "1"]
[TimeControl "5400+30"]

1. d4 d5 2. c4 c6 3. Nf3 Nf6 4. Nc3 e6 5. e3 Be7 6. Bd3 O-O 7. O-O dxc4 8. Bxc4 b5 9. Bd3 a6 10. e4 h6 11. e5 Nfd7 12. Qe2 Re8 13. Qe4 Nf8 14. Qg4 Kh8 15. Qh5 Kg8 16. Ne4 Ng6 17. Nd6 Bxd6 18. Bxg6 Rf8 19. Bc2 Be7 20. Bxh6 gxh6 21. Qxh6 f5 22. exf6 Rxf6 23. Qh7+ Kf8 24. Qh8+ 1-0